 Dungeon Crawl Stone Soup version 0.20.0-15-g7f486f2 (webtiles) character file.

1687583 tidbits the Sabretooth (level 27, 142/142 HPs)
             Began as a Felid Monk on June 19, 2017.
             Was the Champion of Ashenzari.
             Escaped with the Orb
             ... and 3 runes on June 20, 2017!
             The game lasted 07:15:54 (70828 turns).

tidbits the Sabretooth (Felid Monk)                Turns: 70828, Time: 07:15:55

Health: 142/142    AC:  6    Str:  8    XL:     27
Magic:  41/41      EV: 47    Int: 23    God:    Ashenzari [******]
Gold:   3652       SH: 12    Dex: 24    Spells: 3/53 levels left
                                        Lives:  2   Deaths: 4

rFire    + . .     SeeInvis +     - Unarmed
rCold    + . .     Gourm    .   (shield unavailable)
rNeg     . . .     Faith    .   (armour unavailable)
rPois    .         Spirit   .   (helmet unavailable)
rElec    .         Reflect  +   (cloak unavailable)
rCorr    .         Harm     .   (gloves unavailable)
MR       ++++.     Clarity  +   (boots unavailable)
Stlth    +++.......             T - brooch of Shielding {Reflect SH+8} (curse)
Regen    0.4/turn               V - ring of Phasing {EV+8} (curse)
MPRegen  0.3/turn               x - ring of Quwukob {rF+ AC+3 Int+3} (curse)

@: quick
A: no armour, no weapons or thrown items, stealth, claws 1, fangs 3, large bone
plates 1, see invisible, agile 1, carnivore 3, deterioration 1, speed 1,
mutation resistance 1, shaggy fur 3, slow metabolism 1, MP-powered wands, sharp
paws
0: Orb of Zot
}: 3/15 runes: decaying, abyssal, gossamer
a: Curse Item, Scrying, Transfer Knowledge, Renounce Religion


You escaped.
You worshipped Ashenzari.
Ashenzari was exalted by your worship.
You were not hungry.

You visited 8 branches of the dungeon, and saw 45 of its levels.
You visited the Abyss 1 time.
You also visited: Labyrinth.

You collected 5807 gold pieces.
You spent 2155 gold pieces at shops.

Inventory:

Missiles
 k - 1280 arrows
Jewellery
 x - the cursed ring of Quwukob (right paw) {rF+ AC+3 Int+3}
   (You bought it in a shop on level 13 of the Dungeon)

   [ring of protection]

   It affects your AC (+3).
   It affects your intelligence (+3).
   It protects you from fire.
   It has a curse placed upon it.
 A - an uncursed ring of protection from cold
 H - an uncursed ring of protection from magic
 K - an uncursed ring of resist corrosion
 L - an uncursed ring of flight
 T - the cursed brooch of Shielding (around neck) {Reflect SH+8}
   (You took it off a spriggan berserker on level 3 of the Depths)

   [amulet of reflection]

   It shields you and reflects attacks.
   It affects your SH (+8).
   It has a curse placed upon it.
 V - the cursed ring of Phasing (left paw) {EV+8}
   (You found it on level 2 of the Depths)

   [ring of evasion]

   It affects your evasion (+8).
   It has a curse placed upon it.
Wands
 c - a wand of confusion (27/48)
 d - a wand of digging (16/24)
 e - a wand of lightning (11/15)
 l - a wand of acid (4/15)
 p - a wand of paralysis (8/24)
 q - a wand of scattershot (5/9)
 F - a wand of acid (4/15)
 N - a wand of acid (4/15)
Scrolls
 b - a scroll of silence
 i - 15 scrolls of identify
 n - 2 scrolls of fog
 r - 7 scrolls of remove curse
 s - 4 scrolls of amnesia
 t - a scroll of teleportation
 u - 2 scrolls of immolation
 v - 8 scrolls of fear
 M - 7 scrolls of magic mapping
 S - 7 scrolls of recharging
 W - a scroll of holy word
 X - a scroll of blinking
Potions
 g - 5 potions of resistance
 h - 3 potions of cancellation
 j - 6 potions of ambrosia
 z - 2 potions of agility
 B - 4 potions of brilliance
 C - 17 potions of curing
 G - 4 potions of flight
 I - a potion of haste
 P - a potion of invisibility
 Q - 2 potions of magic
 Y - a potion of mutation
Books
 D - a book of Misfortune

   Spells                             Type                      Level
   a - Confusing Touch                Hexes                        1
   b - Confuse                        Hexes                        3
   c - Gell's Gravitas                Translocation                3
   d - Petrify                        Transmutation/Earth          4
   e - Metabolic Englaciation         Hexes/Ice                    5
   f - Yara's Violent Unravelling     Hexes/Transmutation          5
 R - a book of Transfigurations

   Spells                             Type                      Level
   a - Irradiate                      Conjuration/Transmutation    5
   b - Statue Form                    Transmutation/Earth          6
   c - Hydra Form                     Transmutation                6
   d - Dragon Form                    Transmutation                7
Miscellaneous
 o - a fan of gales
 y - 3 boxes of beasts
 E - 2 phantom mirrors
 J - a phial of floods
 O - a lamp of fire
 U - 4 sacks of spiders
 Z - a lightning rod (4/4)
Comestibles
 a - 22 meat rations
 m - a royal jelly


   Skills:
 + Level 24.0 Fighting
 - Level 21.5 Dodging
 - Level 19.1 Stealth
 O Level 27 Unarmed Combat
 - Level 13.5 Spellcasting
 - Level 6.0(10.5) Conjurations
 - Level 5.3(9.8) Hexes
 - Level 6.9(11.4) Charms
 - Level 5.8(10.3) Necromancy
 - Level 2.3(5.8) Translocations
 - Level 14.6(18.6) Transmutations
 - Level 4.0(8.2) Fire Magic
 - Level 1.0(3.5) Air Magic
 - Level 10.3(14.5) Earth Magic
 - Level 6.2(10.7) Evocations


You had 3 spell levels left.
You knew the following spells:

 Your Spells              Type           Power        Failure   Level  Hunger
a - Apportation           Tloc           #####.       1%          1    None
b - Blink                 Tloc           N/A          1%          2    None
d - Dragon Form           Tmut           #######...   1%          7    ######.
j - Stone Arrow           Conj/Erth      ######       1%          3    None
k - Sticks to Snakes      Tmut           #######.     0%          2    None
m - Bolt of Magma         Conj/Fire/Erth ######....   1%          5    ###....
n - Animate Skeleton      Necr           N/A          1%          1    None
r - Regeneration          Chrm/Necr      ######....   1%          3    None
s - Statue Form           Tmut/Erth      #######..    1%          6    #####..
w - Passwall              Tmut/Erth      #######...   0%          2    None
z - Petrify               Tmut/Erth      #######.     1%          4    None
D - Dazzling Spray        Conj/Hex       ######       1%          3    None
N - Animate Dead          Necr           N/A          1%          4    None
R - Irradiate             Conj/Tmut      ######....   1%          5    ###....
W - Swiftness             Chrm/Air       #####...     1%          2    None


Dungeon Overview and Level Annotations

Branches:
Dungeon (15/15)            Temple (0/1) D:4            Lair (6/6) D:9
  Swamp (4/4) Lair:4       Spider (4/4) Lair:4        Slime (0/5) Lair:5
    Orc (2/2) D:11            Elf (0/3) Orc:2        Vaults (4/5) D:14
  Crypt (0/3) Vaults:3     Depths (5/5) D:15            Zot (5/5) Depths:5

Altars:
Ashenzari
Dithmenos
Fedhas
Nemelex Xobeh
Qazlal
Ru
Sif Muna
Uskayaw
Yredelemnul

Shops:
D:4 =   D:7 *   D:8 [   D:12 *   D:13 =[*   Orc:2 }(*[   Vaults:2 [

Portals:
Hell: Depths:1 Depths:2 Depths:3 Depths:4 Depths:5
Abyss: Depths:2 Depths:4 Depths:5
Pandemonium: Depths:3 Depths:4
Ziggurat: Depths:2

Annotations:
D:12 exclusions: centaur, deep elf mage, komodo dragon, sensed monster (detected), skeletal warrior, troll, 3 wraiths and zombie
Lair:1 exclusion: oklob plant
Zot:4 exclusion: door


Innate Abilities, Weirdness & Mutations

You cannot wear armour.
You are incapable of wielding weapons or throwing items.
Your paws allow you to move quietly. (Stealth)
You have sharp claws.
You have razor-sharp teeth.
You have supernaturally acute eyesight. (SInv)
You are carnivorous and can eat meat at any time.
You cover ground quickly.
Your thick and shaggy fur keeps you warm. (AC +3, rC+)
You have a slow metabolism.
Your sharp claws are effective at attacking unaware monsters.
You are partially covered in large bone plates. (SH +4)
You are agile. (Dex +2)
Your body sometimes deteriorates upon taking damage.
You are somewhat resistant to further mutation.
You expend magic power (3 MP) to strengthen your wands.


Message History

You claw the gelid blood saint, but do no damage.
The gelid blood saint is severely wounded.
The gelid blood saint calls on the powers of chaos!
The blizzard demon suddenly seems more agile.
You eviscerate the gelid blood saint!!!
You kill the gelid blood saint!
You eviscerate the blizzard demon!!!
The blizzard demon is almost dead.
The blizzard demon closely misses you. You block the blizzard demon's attack.
You mangle the blizzard demon!!
You kill the blizzard demon!
There is an open door, spattered with blood here.
Things that are here:
an uncursed dagger; a cursed robe You revert to your normal fleshy form.
Unknown command.
There is an open door here.
You close the door.
There is a staircase leading out of the dungeon here.
You have escaped!

## ######
.###############....#
.....##...##........####
###.....###...#####....####
..####.....####...####....#
.....###'###.........###..#
⌠......).+......@......#.##
.....###'###.........###.##
..####.....####...####....#
###....#......#####.......#
....##..#................##
...##..#.....##...###..##.#
..###.###..######## #######
.## #####.######## .#
#..........#######


There were no monsters in sight!

Vanquished Creatures
  7 ancient liches (Zot:5)
  10 orbs of fire
  2 juggernauts (Depths:4)
  The ghost of fili the Conqueror, a legendary GrBe of Trog (Zot:5)
  3 Killer Klowns
  3 curse toes
  A caustic shrike (Depths:4)
  7 golden dragons
  A bone dragon (Vaults:3)
  3 electric golems
  Jorgrun (Swamp:3)
  2 Brimstone Fiends
  2 liches
  The ghost of PeterLawrence the Warrior, an adept MiFi of Okawaru (Spider:4)
  14 tentacled monstrosities
  28 Orb Guardians
  A deep elf blademaster (Abyss:4)
  2 titans
  12 quicksilver dragons
  7 death cobs
  Kirke (Swamp:1)
  8 sphinxes
  7 shadow dragons
  11 storm dragons
  A tentacled starspawn (Abyss:3)
  10 draconian monks
  Donald (Swamp:1)
  Agnes (D:15)
  9 tengu reavers
  13 fire giants
  9 frost giants
  6 vault wardens
  2 deep elf sorcerers
  9 draconian knights
  9 draconian scorchers
  7 ghost moths
  A cacodemon (Abyss:3)
  Louise (Depths:4)
  9 draconian shifters
  Aizul (Swamp:4)
  6 ironheart preservers
  5 emperor scorpions (Spider:4)
  3 spriggan defenders
  A blood saint (D:1)
  8 draconian annihilators
  7 draconian stormcallers
  A reaper (Zot:5)
  37 very ugly things
  24 stone giants
  4 vampire knights
  An entropy weaver (Vaults:2)
  2 deep elf demonologists
  Nessos (Lair:6)
  7 green draconians
  13 yellow draconians
  11 spark wasps
  14 black draconians
  12 white draconians
  A lorocyproca (Depths:4)
  19 red draconians
  13 purple draconians
  A deep elf death mage (Depths:3)
  2 deep elf annihilators
  20 ettins
  Snorg (Orc:2)
  2 blizzard demons (D:1)
  A minotaur (Lab)
  A merfolk impaler (Depths:4)
  19 yaktaur captains
  22 fire dragons
  A quicksilver dragon zombie (Depths:3)
  18 hydras
  A deep elf high priest (Depths:4)
  17 ice dragons
  Erolcha (D:9)
  4 vault guards
  11 rakshasas
  11 spriggan air magi
  12 great orbs of eyes
  13 centaur warriors
  6 alligators
  18 ogre magi
  A two-headed ogre (shapeshifter) (Vaults:2)
  12 deep troll shamans
  4 ghost crabs
  Erica (D:9)
  2 death knights
  44 two-headed ogres
  2 satyrs (Abyss:4)
  The ghost of YrmMerkstave the Cruncher, a novice MiGl of Okawaru (D:8)
  15 tengu warriors
  2 vampire magi
  3 hell hogs (Depths:5)
  10 deep troll earth magi
  2 thrashing horrors (Abyss:3)
  11 death yaks
  2 shock serpents (shapeshifter)
  2 deep elf knights
  6 orc high priests
  10 spriggan berserkers
  A soul eater (D:9)
  A titan skeleton (Vaults:4)
  A shadow wraith (Vaults:2)
  A wretched star (Abyss:3)
  3 sixfirhies
  3 iron trolls (Depths:3)
  2 fire crabs (shapeshifter) (Depths:3)
  A hell knight (Depths:5)
  5 spriggan druids
  A skeletal warrior (Vaults:2)
  An infernal demonspawn (D:12)
  A shadow demon (Abyss:2)
  26 deep trolls
  4 unseen horrors
  4 deep elf archers
  4 flayed ghosts
  7 swamp dragons
  A deep troll (shapeshifter) (Depths:3)
  A glowing orange brain (Depths:2)
  3 shambling mangroves
  2 lindwurms (Swamp:4)
  12 ironbrand convokers
  A harpy (shapeshifter) (Depths:2)
  A shadow dragon zombie (Vaults:4)
  8 wizards
  9 necromancers
  12 orc knights
  9 harpies (Vaults:1)
  A lindwurm (shapeshifter) (Vaults:4)
  27 orb spiders
  10 deep elf magi
  A mana viper (Abyss:3)
  35 wolf spiders
  3 manticores
  2 frost giant zombies (Depths:3)
  35 ugly things
  2 oklob plants (Lair:1)
  6 cyclopes
  6 orc sorcerers
  2 worldbinders (Abyss:4)
  A black mamba (shapeshifter) (Depths:2)
  Joseph (D:7)
  2 rust devils
  19 moths of wrath
  3 black mambas
  8 elephants
  2 centaur zombies (D:15)
  Maurice (D:9)
  11 vault sentinels
  A spiny frog (shapeshifter) (Abyss:3)
  17 spiny frogs
  2 gargoyles
  2 smoke demons
  2 orange demons
  A hellion (D:7)
  3 torpor snails
  3 kobold demonologists
  A komodo dragon (shapeshifter) (Vaults:4)
  2 yaktaurs (shapeshifter)
  7 rime drakes
  5 freezing wraiths
  28 yaktaurs
  5 komodo dragons
  An ice devil (D:11)
  2 hellwings
  20 demonic crawlers
  An ancient zyme (Abyss:2)
  A queen bee (D:9)
  A red devil (Depths:1)
  A minotaur zombie (Lab)
  A queen bee (shapeshifter) (Depths:4)
  12 trolls
  2 wind drakes (shapeshifter)
  4 tengu conjurers
  A polar bear (shapeshifter) (Vaults:1)
  A hornet (shapeshifter) (Depths:1)
  A meliai (shapeshifter) (Depths:3)
  9 tyrant leeches
  37 jumping spiders
  29 hornets
  4 polar bears
  37 slime creatures
  2 dream sheep (Lair:6)
  17 blink frogs
  2 raiju (shapeshifter)
  7 bog bodies
  19 hippogriffs
  A frost giant simulacrum (Depths:3)
  A redback (shapeshifter) (Vaults:1)
  100 redbacks
  3 tarantellas (shapeshifter)
  An ettin skeleton (Vaults:2)
  25 spriggans
  Sigmund (D:5)
  2 ynoxinuls
  42 tarantellas
  3 air elementals (Depths:5)
  3 shadows
  16 wyverns
  A vampire (D:11)
  2 wraiths
  2 water elementals
  47 yaks
  A hog (shapeshifter) (Depths:4)
  7 hogs (Swamp:1)
  The ghost of CrazyArbalest the Bolt Thrower, an amateur MiHu (D:3)
  4 basilisks
  5 hungry ghosts
  18 humans (D:14)
  2 neqoxecs
  19 vampire mosquitoes
  Menkaure (D:7)
  An elf skeleton (Vaults:1)
  A chaos spawn (Depths:4)
  2 elf zombies
  6 insubstantial wisps
  A swamp worm (shapeshifter) (D:13)
  4 wargs
  4 large abominations (Abyss:3)
  A soldier ant (shapeshifter) (Depths:3)
  25 swamp worms
  4 porcupines
  A soldier ant (D:13)
  2 acid dragons
  10 water moccasins
  4 hell hounds
  5 swamp drakes (Swamp:4)
  2 floating eyes (Depths:3)
  A black bear (shapeshifter) (Depths:2)
  2 hornet zombies
  41 orc warriors
  An ice beast (D:10)
  A sky beast (D:11)
  4 black bears (Lair:6)
  An ogre (shapeshifter) (Depths:3)
  17 wolves (Lair:6)
  33 ogres
  23 boggarts
  20 centaurs
  A necrophage (D:10)
  5 phantoms
  14 crocodiles
  3 human zombies
  3 big kobolds
  16 bullfrogs
  A wyvern zombie (D:8)
  4 earth elementals
  3 scorpions
  4 human simulacra
  16 killer bees
  3 electric eels (Spider:4)
  A troll skeleton (Lab)
  5 wights
  3 howler monkeys
  14 crimson imps
  4 jellies
  3 quasits
  A bullfrog zombie (D:5)
  12 hounds
  23 orc wizards
  23 orc priests
  6 centaur skeletons
  2 iron imps
  A small abomination (Abyss:3)
  6 bullfrog skeletons
  4 iguanas
  8 worker ants
  3 hound zombies
  A hound skeleton (D:7)
  5 gnolls
  14 adders
  6 shadow imps
  2 white imps
  2 ufetubi
  2 oozes
  An adder skeleton (D:4)
  3 worms
  4 dart slugs
  4 leopard geckos
  82 orcs
  2 giant cockroaches
  2 gnoll zombies (D:3)
  12 goblins
  10 hobgoblins
  16 jackals
  8 quokkas
  3 ball pythons
  10 bats
  5 frilled lizards
  18 kobolds
  2 leopard gecko skeletons
  A quokka skeleton (D:7)
  7 rats
  A fungus (Lair:5)
  A plant (Lair:1)
2261 creatures vanquished.

Vanquished Creatures (collateral kills)
  A Killer Klown (Zot:5)
  A golden dragon (Depths:5)
  A tentacled monstrosity (Zot:2)
  A tengu reaver (Depths:5)
  A draconian stormcaller (Zot:1)
  A draconian annihilator (Zot:4)
  A stone giant (Depths:5)
  A very ugly thing (Depths:5)
  A green draconian (Zot:4)
  4 white draconians
  3 black draconians
  2 purple draconians
  A yellow draconian (Zot:2)
  2 spark wasps (Depths:5)
  A fire dragon (Depths:5)
  A deep troll earth mage (Depths:5)
  3 two-headed ogres
  A spriggan berserker (Depths:5)
  An iron troll (Depths:5)
  2 deep trolls (Depths:5)
  A necromancer (Depths:4)
  An ugly thing (Depths:5)
  2 deep elf magi
  A moth of wrath (Zot:5)
  4 dream sheep (Lair:6)
  2 air elementals (Depths:5)
  2 water moccasins (Lair:6)
  An ogre (Vaults:1)
44 creatures vanquished.

Vanquished Creatures (others)
  A shadow dragon (Zot:4)
  A fire giant (Depths:3)
  A two-headed ogre (Depths:2)
  A swamp dragon (Swamp:2)
  A lindwurm (Swamp:4)
  A moth of wrath (Zot:5)
  A komodo dragon (Swamp:2)
  A jumping spider (Spider:1)
  A hell hound (Zot:5)
  3 orcs
  19 fungi
  15 plants
  2 starspawn tentacles (Abyss:3)
48 creatures vanquished.

Grand Total: 2353 creatures vanquished

Notes
Turn   | Place    | Note
-------+----------+-------------------------------------------
     0 | D:1      | tidbits the Felid Monk began the quest for the Orb.
     0 | D:1      | Reached XP level 1. HP: 10/10 MP: 2/2
   322 | D:1      | Reached XP level 2. HP: 14/14 MP: 3/3
   959 | D:1      | Reached XP level 3. HP: 17/17 MP: 4/4
  1096 | D:1      | Reached skill level 4 in Unarmed Combat
  2241 | D:3      | Reached XP level 4. HP: 21/21 MP: 5/5
  3350 | D:3      | Reached skill level 5 in Unarmed Combat
  3357 | D:3      | Noticed CrazyArbalest's ghost (amateur MiHu)
  3489 | D:4      | Found Ogatef's Jewellery Shoppe.
  3779 | D:5      | Entered Level 5 of the Dungeon
  3786 | D:5      | Reached XP level 5. HP: 24/24 MP: 6/6
  3798 | D:5      | Reached skill level 5 in Stealth
  4046 | D:4      | Gained mutation: You are covered in thick fur. (AC +2) [Felid growth]
  4046 | D:4      | Reached XP level 6. HP: 28/28 MP: 7/7
  4053 | D:4      | Found a shadowy altar of Dithmenos.
  4063 | D:4      | Found a blossoming altar of Fedhas.
  4413 | D:5      | Noticed Sigmund
  4608 | D:6      | Reached skill level 6 in Unarmed Combat
  4714 | D:6      | Found a sacrificial altar of Ru.
  4732 | D:6      | Found a sparkling altar of Nemelex Xobeh.
  4922 | D:6      | Reached XP level 7. HP: 31/31 MP: 8/8
  4984 | D:6      | Reached skill level 7 in Unarmed Combat
  5112 | D:6      | Found a shattered altar of Ashenzari.
  5115 | D:6      | Became a worshipper of Ashenzari the Shackled
  5115 | D:6      | Reached * piety under Ashenzari
  5115 | D:6      | Reached ** piety under Ashenzari
  5137 | D:5      | Reached skill level 1 in Evocations
  5270 | D:4      | Found a staircase to the Ecumenical Temple.
  5313 | D:4      | Bought an uncursed ring of stealth for 210 gold pieces
  5818 | D:5      | Killed Sigmund
  6243 | D:6      | Reached XP level 8. HP: 28/34 MP: 12/12
  6248 | D:6      | Found a hide-covered altar of Uskayaw.
  6306 | D:7      | Noticed Joseph
  6328 | D:7      | Killed Joseph
  6328 | D:7      | Reached skill level 5 in Dodging
  6328 | D:7      | Reached skill level 8 in Unarmed Combat
  6543 | D:7      | Gained mutation: Potions are less effective at restoring your health. [potion of mutation]
  6543 | D:7      | Gained mutation: You are frail. (-10% HP) [potion of mutation]
  6543 | D:7      | Gained mutation: You are partially covered in iridescent scales. (AC +2) [potion of mutation]
  6544 | D:7      | Lost mutation: You are frail. (-10% HP) [potion of mutation]
  6544 | D:7      | Lost mutation: Potions are less effective at restoring your health. [potion of mutation]
  6544 | D:7      | Lost mutation: You are partially covered in iridescent scales. (AC +2) [potion of mutation]
  6544 | D:7      | Gained mutation: Your flesh is cold resistant. (rC+) [potion of mutation]
  6544 | D:7      | Gained mutation: You are clumsy. (Dex -2) [potion of mutation]
  6544 | D:7      | Gained mutation: You are partially covered in yellow scales. (AC +2) [potion of mutation]
  6592 | D:7      | Found a stormy altar of Qazlal.
  6685 | D:7      | Found Egyips's Assorted Antiques.
  6696 | D:7      | Bought a glowing brown potion for 24 gold pieces
  6696 | D:7      | Bought a fizzy golden potion for 24 gold pieces
  6696 | D:7      | Bought a coppery potion for 24 gold pieces
  6886 | D:7      | Noticed an air elemental
  6916 | D:7      | Reached *** piety under Ashenzari
  7177 | D:8      | Noticed YrmMerkstave's ghost (novice MiGl)
  7271 | D:8      | Found Qygihic's Antique Armour Shop.
  7444 | D:8      | Reached skill level 9 in Unarmed Combat
  7444 | D:8      | Reached XP level 9. HP: 37/37 MP: 13/13
  7616 | D:8      | Slain by YrmMerkstave's ghost
  7617 | D:8      | Reached XP level 8. HP: -3/34 MP: 12/12
  7742 | D:9      | Noticed a hippogriff
  7749 | D:9      | Killed a hippogriff
  7806 | D:9      | Noticed Erolcha
  7807 | D:9      | Killed Erolcha
  7807 | D:9      | Reached skill level 10 in Stealth
  7807 | D:9      | Reached skill level 10 in Unarmed Combat
  7807 | D:9      | Reached XP level 9. HP: 37/37 MP: 13/13
  7931 | D:9      | Noticed Maurice
  7939 | D:9      | Killed Maurice
  8092 | D:9      | Noticed Erica
  8104 | D:9      | Killed Erica
  8361 | D:9      | Noticed a cyclops
  8370 | D:9      | Killed a cyclops
  8370 | D:9      | Reached skill level 11 in Unarmed Combat
  8667 | D:9      | Found a staircase to the Lair.
  8714 | Lair:1   | Entered Level 1 of the Lair of Beasts
  8720 | Lair:1   | Found a dark tunnel.
  8750 | Lair:1   | Reached **** piety under Ashenzari
  8838 | Lair:1   | Reached XP level 10. HP: 42/42 MP: 14/14
  8985 | Lair:1   | Found a basalt altar of Yredelemnul.
  8985 | Lair:1   | Noticed an oklob plant
  9093 | Lair:1   | Noticed an oklob plant
  9323 | Lair:2   | Noticed a spiny frog
  9333 | Lair:2   | Killed a spiny frog
  9339 | Lair:2   | Found a labyrinth entrance.
  9348 | Lab      | Entered a labyrinth
  9852 | Lab      | Noticed a minotaur
  9857 | Lab      | Killed a minotaur
  9857 | Lab      | Reached skill level 5 in Fighting
  9857 | Lab      | Reached skill level 10 in Dodging
  9925 | Lair:2   | Found a frozen archway.
 10343 | Lair:2   | Noticed a spiny frog
 10354 | Lair:2   | Killed a spiny frog
 10387 | Lair:2   | Reached ***** piety under Ashenzari
 10725 | Lair:3   | Noticed a death yak
 10725 | Lair:3   | Noticed a death yak
 10725 | Lair:3   | Noticed a death yak
 10725 | Lair:3   | Noticed a death yak
 10725 | Lair:3   | Noticed a death yak
 10876 | Lair:3   | Reached skill level 5 in Evocations
 11506 | Lair:4   | Noticed a black mamba
 11511 | Lair:4   | Killed a black mamba
 11855 | Lair:4   | Noticed an elephant
 11855 | Lair:4   | Noticed a spiny frog
 11867 | Lair:4   | Reached XP level 11. HP: 49/49 MP: 12/16
 12021 | D:10     | Entered Level 10 of the Dungeon
 12227 | D:10     | Noticed a two-headed ogre
 12354 | D:10     | Noticed a two-headed ogre
 13243 | D:10     | Noticed a two-headed ogre
 13265 | D:10     | Killed a two-headed ogre
 13574 | D:11     | Noticed a deep elf mage
 13576 | D:11     | Killed from afar by a deep elf mage
 13577 | D:11     | Reached XP level 10. HP: -12/46 MP: 15/15
 13604 | D:11     | Reached skill level 12 in Unarmed Combat
 14397 | D:10     | Killed a two-headed ogre
 14407 | D:10     | Killed a two-headed ogre
 14418 | D:10     | Learned a level 2 spell: Slow
 14737 | D:10     | Reached skill level 1 in Hexes
 14869 | D:11     | Killed a deep elf mage
 14869 | D:11     | Reached skill level 1 in Spellcasting
 14869 | D:11     | Reached XP level 11. HP: 49/49 MP: 13/16
 14950 | D:11     | Noticed a death knight
 14968 | D:11     | Slain by a death knight
 14969 | D:11     | Reached XP level 10. HP: 0/46 MP: 15/15
 14978 | D:11     | Found a staircase to the Orcish Mines.
 15177 | D:11     | Learned a level 4 spell: Cause Fear
 15207 | D:11     | Noticed an eight-headed hydra
 15208 | D:11     | Noticed a two-headed ogre
 15240 | D:12     | Found Zitsyvak's General Store.
 15312 | D:12     | Bought a potion of degeneration for 14 gold pieces
 15399 | D:12     | Noticed a skeletal warrior
 15400 | D:12     | Noticed a tengu warrior
 15425 | D:12     | Found a flagged portal.
 15506 | D:12     | Noticed a cyclops
 15531 | D:12     | Noticed a deep elf mage
 15762 | D:13     | Noticed a deep elf mage
 15768 | D:13     | Killed a deep elf mage
 15768 | D:13     | Reached skill level 5 in Hexes
 15785 | D:13     | Learned a level 2 spell: Passwall
 15790 | D:13     | Learned a level 4 spell: Petrify
 15810 | D:13     | Noticed a manticore
 15814 | D:13     | Killed a manticore
 15814 | D:13     | Reached skill level 1 in Transmutations
 15814 | D:13     | Reached skill level 1 in Earth Magic
 16193 | D:13     | Noticed a tengu warrior
 16197 | D:13     | Killed a tengu warrior
 16263 | D:13     | Found Fisam's Jewellery Shop.
 16316 | D:13     | Noticed a swamp dragon
 16327 | D:13     | a swamp dragon changed into a swamp worm
 16374 | D:13     | Noticed a death drake
 16750 | Lair:4   | Noticed a shambling mangrove
 16790 | Lair:5   | Noticed an elephant
 16790 | Lair:5   | Noticed an elephant
 16790 | Lair:5   | Noticed an elephant
 16835 | Lair:5   | Killed an elephant
 17120 | Lair:5   | Noticed a death yak
 17120 | Lair:5   | Noticed a death yak
 17129 | Lair:5   | Noticed a death yak
 17131 | Lair:5   | Noticed a death yak
 17131 | Lair:5   | Noticed a death yak
 17228 | Lair:5   | Killed an elephant
 17596 | D:9      | Reached XP level 11. HP: 50/50 MP: 16/16
 17790 | D:7      | Bought a pearl ring for 135 gold pieces
 17835 | D:7      | Noticed Menkaure
 18830 | D:3      | Found a basalt altar of Yredelemnul.
 19021 | D:3      | Killed CrazyArbalest's ghost
 19121 | D:7      | Killed Menkaure
 19540 | D:8      | Found a deep blue altar of Sif Muna.
 19713 | D:8      | Killed YrmMerkstave's ghost
 20318 | D:11     | Killed an eight-headed hydra
 20318 | D:11     | Reached skill level 5 in Transmutations
 20458 | D:11     | Noticed an unseen horror
 20469 | D:11     | Killed an unseen horror
 20491 | D:11     | Killed a two-headed ogre
 21312 | Orc:1    | Entered Level 1 of the Orcish Mines
 21353 | Orc:1    | Noticed an orc sorcerer
 21360 | Orc:1    | Noticed an orc knight
 21436 | Orc:2    | Entered Level 2 of the Orcish Mines
 21436 | Orc:2    | Noticed an orc knight
 21468 | Orc:1    | Killed an orc knight
 21702 | D:11     | Reached skill level 5 in Earth Magic
 21887 | Orc:1    | Killed an orc sorcerer
 22509 | Orc:1    | Noticed an orc knight
 22791 | Orc:1    | Killed an orc knight
 22791 | Orc:1    | Gained mutation: Your thick and shaggy fur keeps you warm. (AC +3, rC+) [Felid growth]
 22791 | Orc:1    | Reached XP level 12. HP: 53/54 MP: 16/20
 22848 | D:11     | Reached skill level 5 in Spellcasting
 23063 | Orc:1    | Noticed a two-headed ogre
 23241 | Orc:1    | Killed a two-headed ogre
 23323 | Orc:2    | Found a staircase to the Elven Halls.
 23323 | Orc:2    | Noticed Snorg
 23323 | Orc:2    | Noticed an orc high priest
 24041 | Lair:1   | Learned a level 2 spell: Sticks to Snakes
 24183 | Lair:1   | Learned a level 5 spell: Blade Hands
 24316 | Lair:1   | Noticed an eight-headed hydra
 24445 | Lair:1   | Killed an eight-headed hydra
 24836 | Lair:6   | Entered Level 6 of the Lair of Beasts
 24845 | Lair:6   | Noticed Nessos
 24852 | Lair:6   | Killed Nessos
 24858 | Lair:6   | Noticed a six-headed hydra
 25084 | D:4      | Bought a +2 amulet of reflection for 90 gold pieces
 25265 | D:13     | Bought the ring of Quwukob {rF+ AC+3 Int+3} for 660 gold pieces
 25265 | D:13     | Bought an uncursed ring of poison resistance for 320 gold pieces
 25314 | D:13     | Found Wolorunt's Antique Armour Boutique.
 25500 | D:13     | Found Jayfiyxoh's Assorted Antiques.
 25724 | Lair:4   | Found a staircase to the Swamp.
 26159 | Lair:4   | Found a hole to the Spider Nest.
 26262 | Swamp:1  | Entered Level 1 of the Swamp
 26262 | Swamp:1  | Noticed a six-headed hydra
 26263 | Swamp:1  | Killed a six-headed hydra
 26263 | Swamp:1  | Reached skill level 10 in Fighting
 26263 | Swamp:1  | Reached XP level 13. HP: 60/61 MP: 23/23
 26921 | Spider:1 | Entered Level 1 of the Spider Nest
 27795 | Lair:4   | Learned a level 1 spell: Sandblast
 27799 | Lair:4   | Learned a level 3 spell: Stone Arrow
 27985 | Swamp:1  | Slain by a ghost crab
 27986 | Swamp:1  | Reached XP level 12. HP: -2/60 MP: 3/22
 28010 | Swamp:1  | Noticed an eight-headed hydra
 28329 | Swamp:1  | Killed a ghost crab
 29388 | Spider:1 | Reached XP level 13. HP: 48/65 MP: 15/23
 29446 | Spider:1 | Learned a level 6 spell: Statue Form
 30173 | Swamp:1  | Noticed Kirke
 30191 | Swamp:1  | Killed Kirke
 30544 | Swamp:1  | Noticed Donald
 30567 | Swamp:1  | Killed Donald
 30812 | Swamp:2  | Reached skill level 10 in Transmutations
 31310 | Swamp:2  | Reached ****** piety under Ashenzari
 31649 | Swamp:2  | Reached XP level 14. HP: 70/70 MP: 17/27
 31793 | Swamp:3  | Noticed Jorgrun
 32422 | Spider:2 | Reached skill level 13 in Unarmed Combat
 33289 | Spider:3 | Reached skill level 14 in Unarmed Combat
 33811 | Spider:3 | Reached skill level 15 in Unarmed Combat
 33911 | Spider:3 | Reached XP level 15. HP: 75/75 MP: 14/28
 34841 | D:13     | Bought an uncursed ring of resist corrosion for 320 gold pieces
 35464 | D:15     | Entered Level 15 of the Dungeon
 35534 | D:15     | Reached skill level 16 in Unarmed Combat
 36277 | D:15     | Found a staircase to the Depths.
 36346 | D:15     | Noticed Agnes
 36362 | D:15     | Killed Agnes
 36362 | D:15     | Reached skill level 17 in Unarmed Combat
 36797 | Depths:1 | Entered Level 1 of the Depths
 37334 | Depths:1 | Found a gateway to Hell.
 37730 | Depths:1 | Reached XP level 16. HP: 79/79 MP: 12/29
 37736 | Depths:1 | Reached skill level 18 in Unarmed Combat
 37940 | Depths:2 | Found a one-way gate to the infinite horrors of the Abyss.
 38128 | Depths:2 | Noticed a sphinx
 38174 | Depths:2 | Found a gateway to a ziggurat.
 38174 | Depths:2 | Noticed a lich
 38435 | D:14     | Found a gate to the Vaults.
 38935 | Lair:1   | Learned a level 4 spell: Cause Fear
 39124 | Orc:2    | Killed Snorg
 39277 | Orc:2    | Found Caafeseu's Gadget Shoppe.
 39277 | Orc:2    | Found Onyguje's Assorted Antiques.
 39277 | Orc:2    | Found Hofa's Antique Armour Boutique.
 39279 | Orc:2    | Found Geneiqe's Weapon Boutique.
 39875 | Orc:2    | Bought an encrusted silver ring for 120 gold pieces
 40322 | Lair:1   | Learned a level 5 spell: Lee's Rapid Deconstruction
 40434 | Swamp:3  | Killed Jorgrun
 40434 | Swamp:3  | Reached skill level 15 in Dodging
 40820 | Swamp:4  | Entered Level 4 of the Swamp
 41178 | Swamp:4  | Reached skill level 15 in Stealth
 41323 | Swamp:4  | Got a decaying rune of Zot
 41704 | Swamp:4  | Reached XP level 17. HP: 83/83 MP: 14/30
 41812 | Swamp:4  | Noticed Aizul
 41857 | Swamp:4  | Killed Aizul
 42418 | Orc:2    | Bought 2 scrolls of remove curse for 144 gold pieces
 42552 | D:12     | Bought a scroll of fog for 28 gold pieces
 42552 | D:12     | Bought a scroll of remove curse for 42 gold pieces
 42625 | D:14     | Reached skill level 1 in Conjurations
 42788 | Vaults:1 | Entered Level 1 of the Vaults
 44807 | Vaults:2 | Reached skill level 10 in Spellcasting
 44964 | Vaults:2 | Reached XP level 18. HP: 87/87 MP: 33/33
 45149 | Vaults:2 | Found Mepijex's Armour Shop.
 46891 | Lair:5   | Found a staircase to the Slime Pits.
 46962 | Lair:5   | Reached skill level 19 in Unarmed Combat
 48758 | Spider:4 | Entered Level 4 of the Spider Nest
 48766 | Spider:4 | Noticed PeterLawrence's ghost (adept MiFi)
 48780 | Spider:4 | Killed PeterLawrence's ghost
 49002 | Lair:1   | Learned a level 5 spell: Bolt of Magma
 49313 | Spider:4 | Reached skill level 1 in Fire Magic
 49420 | Spider:4 | Reached XP level 19. HP: 91/91 MP: 8/34
 49805 | Spider:4 | Reached skill level 5 in Conjurations
 50342 | Spider:4 | Reached skill level 10 in Earth Magic
 50999 | Spider:4 | Got a gossamer rune of Zot
 51065 | Spider:4 | Learned a level 2 spell: Swiftness
 51469 | Vaults:2 | Reached skill level 1 in Charms
 51484 | Vaults:2 | Reached skill level 1 in Air Magic
 52181 | Vaults:3 | Noticed a bone dragon
 52183 | Vaults:3 | Found a staircase to the Crypt.
 52185 | Vaults:3 | Killed a bone dragon
 52185 | Vaults:3 | Reached skill level 20 in Unarmed Combat
 52548 | Vaults:3 | Learned a level 3 spell: Dazzling Spray
 53633 | Vaults:4 | Reached XP level 20. HP: 63/95 MP: 19/35
 53638 | Vaults:4 | Reached skill level 21 in Unarmed Combat
 55110 | D:15     | Lost mutation: Your flesh is cold resistant. (rC+) [potion of mutation]
 55110 | D:15     | Lost mutation: You are clumsy. (Dex -2) [potion of mutation]
 55110 | D:15     | Lost mutation: You are partially covered in yellow scales. (AC +2) [potion of mutation]
 55110 | D:15     | Gained mutation: You have a somewhat thin skeletal structure. (Dex +2, Stealth) [potion of mutation]
 55110 | D:15     | Gained mutation: Your magical capacity is low. (-10% MP) [potion of mutation]
 55110 | D:15     | Gained mutation: You expend magic power (3 MP) to strengthen your wands. [potion of mutation]
 55110 | D:15     | Gained mutation: You are agile. (Dex +2) [potion of mutation]
 55111 | D:15     | Lost mutation: You expend magic power (3 MP) to strengthen your wands. [potion of mutation]
 55111 | D:15     | Lost mutation: Your magical capacity is low. (-10% MP) [potion of mutation]
 55111 | D:15     | Lost mutation: You are agile. (Dex +2) [potion of mutation]
 55111 | D:15     | Lost mutation: You have a somewhat thin skeletal structure. (Dex +2, Stealth) [potion of mutation]
 55111 | D:15     | Gained mutation: You are clumsy. (Dex -2) [potion of mutation]
 55111 | D:15     | Gained mutation: Your flesh is heat resistant. (rF+) [potion of mutation]
 55112 | D:15     | Lost mutation: You are clumsy. (Dex -2) [potion of mutation]
 55112 | D:15     | Lost mutation: Your flesh is heat resistant. (rF+) [potion of mutation]
 55112 | D:15     | Gained mutation: You occasionally shout uncontrollably at your foes. [potion of mutation]
 55112 | D:15     | Gained mutation: You are clumsy. (Dex -2) [potion of mutation]
 55112 | D:15     | Gained mutation: You are very clumsy. (Dex -4) [potion of mutation]
 55112 | D:15     | Gained mutation: Your muscles are strong. (Str +2) [potion of mutation]
 55113 | D:15     | Lost mutation: Your muscles are strong. (Str +2) [potion of mutation]
 55113 | D:15     | Lost mutation: You occasionally shout uncontrollably at your foes. [potion of mutation]
 55113 | D:15     | Lost mutation: You are very clumsy. (Dex -4) [potion of mutation]
 55113 | D:15     | Lost mutation: You are clumsy. (Dex -2) [potion of mutation]
 55113 | D:15     | Gained mutation: You have a pair of small antennae on your head. [potion of mutation]
 55223 | Depths:2 | Reached skill level 22 in Unarmed Combat
 56963 | Depths:2 | Reached XP level 21. HP: 99/99 MP: 23/36
 57332 | Depths:3 | Noticed a golden dragon
 58022 | Depths:3 | Killed a golden dragon
 58022 | Depths:3 | Reached skill level 15 in Fighting
 58279 | Depths:3 | Identified the amulet "Kirr" {Harm *Drain rPois} (You took it off a fire giant on level 3 of the Depths)
 58789 | Depths:3 | Learned a level 2 spell: Blink
 59116 | Depths:3 | Identified the Papyrus of Shifting Fire
 59229 | Depths:3 | Found a runed door.
 59232 | Depths:3 | Found a runed door.
 59232 | Depths:3 | Found a runed door.
 59894 | Depths:3 | Found a one-way gate leading to the halls of Pandemonium.
 59948 | Depths:3 | Reached XP level 22. HP: 109/109 MP: 29/37
 60338 | Depths:3 | Identified Sif Muna's Reference Book on Unstable Dark Magic
 60384 | Depths:3 | Paralysed by a floating eye for 2 turns
 60460 | Depths:3 | Identified the Guide on the Birds and Companions
 60968 | Depths:4 | Found a sacrificial altar of Ru.
 60982 | Depths:4 | Reached skill level 1 in Translocations
 61069 | Depths:4 | Noticed Louise
 61077 | Depths:4 | Killed Louise
 61314 | Depths:4 | Noticed a caustic shrike
 61467 | Depths:4 | Killed a caustic shrike
 61838 | Depths:4 | Noticed a golden dragon
 61881 | Depths:4 | Killed a golden dragon
 62406 | Depths:4 | Noticed a golden dragon
 62412 | Depths:4 | Killed a golden dragon
 62647 | Depths:4 | Learned a level 4 spell: Animate Dead
 62661 | Depths:4 | Reached skill level 1 in Necromancy
 62672 | Depths:4 | Reached XP level 23. HP: 115/115 MP: 41/41
 62834 | Depths:4 | Noticed a juggernaut
 62840 | Depths:4 | Noticed a juggernaut
 62857 | Depths:4 | Killed a juggernaut
 62867 | Depths:4 | Killed a juggernaut
 62867 | Depths:4 | Reached skill level 5 in Necromancy
 62934 | Depths:5 | Entered Level 5 of the Depths
 63268 | Depths:5 | Learned a level 1 spell: Animate Skeleton
 63272 | Depths:5 | Learned a level 3 spell: Regeneration
 63274 | Depths:5 | tidbits: goddamn this game has been frustrating without regen
 63554 | Depths:5 | Reached skill level 5 in Charms
 63817 | Depths:5 | Found a gate to the Realm of Zot.
 64234 | Depths:2 | Voluntarily entered the Abyss.
 64287 | Abyss:2  | Found a deep blue altar of Sif Muna.
 64509 | Abyss:3  | Reached skill level 23 in Unarmed Combat
 64567 | Abyss:3  | Learned a level 1 spell: Apportation
 64788 | Abyss:4  | Got an abyssal rune of Zot
 64809 | Depths:2 | Escaped the Abyss
 64920 | Zot:1    | Entered Level 1 of the Realm of Zot
 65044 | Zot:1    | Reached XP level 24. HP: 120/120 MP: 41/41
 65393 | Zot:1    | Reached skill level 24 in Unarmed Combat
 65410 | Zot:1    | Noticed an orb of fire
 65423 | Zot:1    | Killed an orb of fire
 65975 | Zot:2    | Learned a level 7 spell: Dragon Form
 65997 | Zot:2    | Learned a level 5 spell: Irradiate
 66155 | Zot:2    | Identified a scroll of acquirement
 66726 | Zot:3    | Noticed an orb of fire
 66740 | Zot:3    | Gained mutation: You are partially covered in large bone plates. (SH +4) [an orb of fire]
 66741 | Zot:3    | Killed an orb of fire
 66741 | Zot:3    | Reached XP level 25. HP: 123/123 MP: 36/41
 66825 | Zot:3    | Reached skill level 25 in Unarmed Combat
 66827 | Zot:3    | Noticed an orb of fire
 66835 | Zot:3    | Killed an orb of fire
 67397 | Zot:4    | Noticed an orb of fire
 67970 | Zot:4    | Reached skill level 26 in Unarmed Combat
 68602 | Zot:5    | Entered Level 5 of the Realm of Zot
 68968 | Zot:5    | Noticed an orb of fire
 68971 | Zot:5    | Killed an orb of fire
 68971 | Zot:5    | Reached skill level 27 in Unarmed Combat
 69067 | Zot:5    | Noticed an ancient lich
 69068 | Zot:5    | Noticed an ancient lich
 69079 | Zot:5    | Killed an ancient lich
 69079 | Zot:5    | Reached XP level 26. HP: 127/129 MP: 39/41
 69084 | Zot:5    | Killed an ancient lich
 69097 | Zot:5    | Noticed an orb of fire
 69099 | Zot:5    | Gained mutation: You are weak. (Str -2) [an orb of fire]
 69104 | Zot:5    | Gained mutation: You are frail. (-10% HP) [an orb of fire]
 69106 | Zot:5    | Killed an orb of fire
 69133 | Zot:5    | Noticed an ancient lich
 69143 | Zot:5    | Noticed fili's ghost (legendary GrBe)
 69185 | Zot:5    | Killed fili's ghost
 69325 | Zot:4    | Lost mutation: You are weak. (Str -2) [potion of mutation]
 69325 | Zot:4    | Lost mutation: You are frail. (-10% HP) [potion of mutation]
 69325 | Zot:4    | Lost mutation: You have a pair of small antennae on your head. [potion of mutation]
 69325 | Zot:4    | Gained mutation: You expend magic power (3 MP) to strengthen your wands. [potion of mutation]
 69325 | Zot:4    | Gained mutation: Your body sometimes deteriorates upon taking damage. [potion of mutation]
 69325 | Zot:4    | Gained mutation: You are agile. (Dex +2) [potion of mutation]
 69325 | Zot:4    | Gained mutation: You are somewhat resistant to further mutation. [potion of mutation]
 69423 | Zot:5    | Noticed an orb of fire
 69431 | Zot:5    | Noticed an orb of fire
 69443 | Zot:5    | Killed an orb of fire
 69452 | Zot:5    | Killed an orb of fire
 69475 | Zot:5    | Noticed an orb of fire
 69491 | Zot:5    | Killed an orb of fire
 69725 | Zot:5    | Noticed an ancient lich
 69764 | Zot:5    | Noticed an ancient lich
 69769 | Zot:5    | Killed an ancient lich
 69777 | Zot:5    | Killed an ancient lich
 70000 | Zot:5    | Got the Orb of Zot
 70096 | Zot:5    | Killed an ancient lich
 70096 | Zot:5    | Reached XP level 27. HP: 141/141 MP: 36/41
 70101 | Zot:5    | Noticed an ancient lich
 70105 | Zot:5    | Noticed an orb of fire
 70109 | Zot:5    | Killed an ancient lich
 70110 | Zot:5    | Noticed an ancient lich
 70111 | Zot:5    | Noticed an orb of fire
 70115 | Zot:5    | Killed an orb of fire
 70122 | Zot:5    | Killed an orb of fire
 70129 | Zot:5    | Killed an ancient lich
 70161 | Zot:5    | Noticed Gedel the pandemonium lord
 70290 | Zot:1    | Noticed Xihum the pandemonium lord
 70724 | D:3      | Noticed a seraph
 70828 | D:$      | Escaped with the Orb!

Skill      XL: |  1  2  3  4  5  6  7  8  9 10 11 12 13 14 15 16 17 18 19 20 21 22 23 24 25 26 27 |
---------------+----------------------------------------------------------------------------------+-----
Stealth        | 3 4 5 6 7 10 11 12 16 17 19 | 19.1
Unarmed Combat | 4 5 6 7 10 11 12 15 17 18 19 20 22 23 24 27 | 27.0
Evocations     | 4 6 |  6.2
Dodging        | 7 9 11 13 12 16 17 20 21 | 21.5
Fighting       | 7 12 13 14 17 18 19 23 24 | 24.0
Hexes          | 5 |  5.3
Spellcasting   | 2 4 6 8 10 13 | 13.5
Transmutations | 2 6 7 10 12 14 | 14.6
Earth Magic    | 2 5 6 7 9 10 | 10.3
Conjurations   | 3 4 6 |  6.0
Fire Magic     | 1 4 |  4.0
Charms         | 1 6 |  6.9
Air Magic      | 1 |  1.0
Translocations | 2 |  2.3
Necromancy     | 1 5 |  5.8

Action                   |  1- 3 |  4- 6 |  7- 9 | 10-12 | 13-15 | 16-18 | 19-21 | 22-24 | 25-27 || total
-------------------------+-------+-------+-------+-------+-------+-------+-------+-------+-------++-------
Melee: Unarmed           |   125 |   137 |   200 |   835 |   786 |  1337 |  1077 |  1090 |   621 ||  6208
       Bite              |     9 |    16 |    14 |    81 |    55 |   113 |   122 |   125 |    74 ||   609
       Punch             |     3 |     1 |     4 |    40 |    46 |    93 |    96 |   121 |    63 ||   467
       Tailslap          |       |       |       |       |       |       |       |     3 |    24 ||    27
 Cast: Slow              |       |       |       |    32 |       |       |       |       |       ||    32
       Petrify           |       |       |       |   191 |   146 |   174 |   101 |    44 |     1 ||   657
       Passwall          |       |       |       |    10 |    34 |    23 |    15 |    27 |    15 ||   124
       Blade Hands       |       |       |       |     7 |     5 |       |       |       |       ||    12
       Sticks to Snakes  |       |       |       |     1 |       |    17 |     8 |     2 |     4 ||    32
       Statue Form       |       |       |       |       |    77 |   102 |    95 |    66 |    39 ||   379
       Stone Arrow       |       |       |       |       |     8 |       |     4 |       |       ||    12
       Bolt of Magma     |       |       |       |       |       |     2 |    57 |    12 |       ||    71
       Dazzling Spray    |       |       |       |       |       |       |     8 |     1 |       ||     9
       Swiftness         |       |       |       |       |       |       |     2 |       |       ||     2
       Animate Skeleton  |       |       |       |       |       |       |       |    32 |    18 ||    50
       Regeneration      |       |       |       |       |       |       |       |    17 |    38 ||    55
       Animate Dead      |       |       |       |       |       |       |       |    10 |     4 ||    14
       Apportation       |       |       |       |       |       |       |       |     1 |     4 ||     5
       Irradiate         |       |       |       |       |       |       |       |     5 |    18 ||    23
       Dragon Form       |       |       |       |       |       |       |       |     1 |    11 ||    12
Invok: Curse Item        |       |       |     2 |     3 |     1 |     2 |     2 |       |       ||    10
       Scrying           |       |       |     1 |     7 |     4 |     6 |     9 |     9 |     3 ||    39
 Abil: End Transformatio |       |       |       |     4 |     2 |       |     5 |       |     6 ||    17
       Evoke Flight      |       |       |       |       |       |    11 |       |       |       ||    11
       Stop Flying       |       |       |       |       |       |     2 |       |       |       ||     2
Evoke: Wand              |       |     5 |    35 |    61 |     2 |     2 |     8 |     6 |       ||   119
       Lightning rod     |       |       |       |       |       |       |    12 |       |       ||    12
       Lamp of fire      |       |       |       |       |       |       |     2 |       |       ||     2
       Phial of floods   |       |       |       |       |       |       |     1 |       |       ||     1
  Use: Scroll            |     6 |     3 |     5 |    20 |     9 |    14 |    13 |     9 |     1 ||    80
       Potion            |       |     3 |     4 |    12 |     4 |     8 |     8 |     2 |    11 ||    52
 Stab: Sleeping          |    13 |    14 |    23 |    56 |    34 |    35 |    43 |    37 |    12 ||   267
       Distracted        |       |     2 |       |     4 |     3 |     9 |     4 |    12 |    12 ||    46
       Confused          |       |       |     9 |    30 |       |       |     1 |       |       ||    40
       Petrified         |       |       |       |    92 |    75 |    73 |    35 |    18 |       ||   293
       Petrifying        |       |       |       |    16 |    15 |    31 |     7 |     9 |       ||    78
       Invisible         |       |       |       |       |       |       |     3 |       |       ||     3
  Eat: Chunk             |    10 |     5 |    12 |    84 |    70 |    78 |    73 |    41 |    23 ||   396
       Meat ration       |       |       |       |     1 |       |       |       |       |       ||     1
       Royal jelly       |       |       |       |       |     1 |       |     1 |       |     1 ||     3
Armor: Skin              |     2 |     4 |     5 |    55 |   239 |   282 |   257 |   163 |   102 ||  1109
Dodge: Dodged            |    81 |    83 |   109 |   576 |  1171 |  1848 |  1851 |  1524 |   682 ||  7925
Block: Other             |       |       |       |     5 |    58 |   107 |   108 |   402 |   290 ||   970
       Reflection        |       |       |       |       |     2 |       |     7 |     7 |     2 ||    18
